 Dungeon Crawl Stone Soup version 0.30-a0-953-g5f1da4a474 (webtiles) character file.

Game seed: 3007340447049379007

122 Jeffwins the Changer (level 5, -9/37 HPs)
             Began as a Human Wanderer on Mar 29, 2023.
             Mangled by an orc warrior
             ... wielding a +0 halberd
              (13 damage)
             ... on level 6 of the Dungeon.
             The game lasted 00:04:04 (1978 turns).

Jeffwins the Changer (Human Wanderer)               Turns: 1978, Time: 00:04:05

Health: -9/37      AC:  8    Str: 12    XL:     5   Next: 27%
Magic:  7/7        EV: 11    Int: 18    God:
Gold:   82         SH:  0    Dex:  9    Spells: 2/7 levels left

rFire   . . .      SeeInvis .    a - +4 short sword
rCold   . . .      Faith    .    (no shield)
rNeg    . . .      Spirit   .    t - +0 leather armour
rPois   .          Reflect  .    i - +0 helmet
rElec   .          Rampage  .    (no cloak)
rCorr   +                        (no gloves)
Will    .....                    (no boots) Stlth
                                 (no amulet)
HPRegen 0.26/turn                R - ring of resist corrosion
MPRegen 0.10/turn                O - +4 ring of protection

@: silenced
A: no striking features
a: no special abilities


You were on level 6 of the Dungeon.
You visited 1 branch of the dungeon, and saw 4 of its levels.

You collected 82 gold pieces.


   Skills:
 - Level 1.0 Fighting
 + Level 0.0 Throwing
 - Level 2.0 Dodging
 + Level 0.1 Stealth
 * Level 1.7 Spellcasting
 * Level 1.5 Conjurations
 * Level 2.8 Necromancy
 * Level 3.4 Transmutations
 * Level 0.2 Fire Magic
 * Level 1.5 Poison Magic
 + Level 2.0 Evocations


You had 2 spell levels left.
You knew the following spells:

 Your Spells              Type           Power      Damage    Failure   Level
x - Kiss of Death         Conj/Necr      36%        2d8       10%         1
z - Sting                 Tmut/Pois      40%        1d5       9%          1
X - Ignite Poison         Fire/Tmut/Pois 7%         N/A       34%         3

Your spell library contained the following spells:

 Spells                   Type           Power      Damage    Failure   Level
 Wereblood                Tmut           13%        N/A       9%          2
 Shock                    Conj/Air       16%        1d4       17%         1
 Vampiric Draining        Necr           11%        2d6       22%         3
 Hailstorm                Conj/Ice       4%         3d4       45%         3
 Summon Ice Beast         Ice/Summ       1%         N/A       93%         4
 Plasma Beam              Fire/Air       0%         2x1d7     99%         5

Inventory:

Hand Weapons
 a - a +4 short sword (weapon)
 v - a +1 short sword of draining
Missiles
 e - 4 poisoned darts
Armour
 c - a +0 robe
 i - a +0 helmet (worn)
 t - a +0 leather armour (worn)
Magical Staves
 r - a staff of poison
Jewellery
 O - a +4 ring of protection (right hand)
 R - a ring of resist corrosion (left hand)
Scrolls
 b - a scroll of vulnerability {!r}
 f - a scroll of enchant armour
 g - 2 scrolls of immolation {!r}
 h - 3 scrolls of identify {@r1}
 k - a scroll of teleportation {unknown}
 q - a scroll of noise {!r}
Potions
 j - a potion of flight {unknown}
 l - 2 potions of heal wounds {unknown}
 m - 2 potions of invisibility {unknown}
 n - a potion of curing {unknown}
 u - a potion of attraction {unknown}
Miscellaneous
 d - a piece from Xom's chessboard (10/15) (quivered)

Dungeon Overview and Level Annotations

Branches:
Dungeon (3/15)

Altars:
Yredelemnul

........#.#
.(......#.##
...........#
#.#......#.#
#......#.#
#.......)##
#......o#.#
#.......###
#.......@#
###..#####
###


You could see an orc warrior (misshapen).


Message History

You closely miss the orc.
The orc is lightly wounded.
The orc hits you but does no damage.
You hit the orc.
The orc is severely wounded.
The orc hits you with a +0 dagger.
You closely miss the orc.
The orc is severely wounded.
The orc completely misses you.
You hit the orc.
You kill the orc!
Items here: )) [[ †.
The helpless orc warrior fails to defend itself.
You hit the orc warrior.
The orc warrior is lightly wounded.
The orc warrior is no longer paralysed.
The orc warrior closely misses you.
Unknown command.
Magic scrolls do not work when you're silenced!
The orc warrior hits you from afar with a +0 halberd!
You make a move on Xom's chessboard...
The orc warrior twists and deforms.
The orc warrior hits you from afar with a +0 halberd!
* * * LOW HITPOINT WARNING * * *
You make a move on Xom's chessboard...
The orc warrior resists with significant effort.
The orc warrior hits you from afar with a +0 halberd!
* * * LOW HITPOINT WARNING * * *
You make a move on Xom's chessboard...
The orc warrior resists with significant effort.
The orc warrior hits you from afar with a +0 halberd!
You die...

Skill      XL: |  1  2  3  4 |
---------------+-------------+-----
Poison Magic   | 1 |  1.5
Conjurations   | 1 |  1.5
Evocations     | 2 |  2.0
Fighting       | |  1.0
Dodging        | |  2.0
Stealth        | |  0.1
Spellcasting   | |  1.7
Necromancy     | |  2.8
Transmutations | |  3.4
Fire Magic     | |  0.2

Action                     |  1- 3 |  4- 6 || total
---------------------------+-------+-------++-------
  Melee: Club              |     7 |       ||     7
         Spear             |    11 |       ||    11
         Short sword       |    22 |    45 ||    67
         Punch             |       |     2 ||     2
   Cast: Sting             |    49 |    26 ||    75
  Evoke: Piece from Xom's  |       |     5 ||     5
    Use: Scroll            |       |     6 ||     6
   Stab: Paralysed         |       |     1 ||     1
 Armour: Robe              |    10 |       ||    10
         Leather armour    |     8 |    43 ||    51
  Dodge: Dodged            |    54 |    42 ||    96

Levels and vault maps discovered:
D:1:      minmay_arrival_semitransparent, layout_rooms, minmay_misc_feat_five
D:2:      layout_loops_ring, basic_altar
D:3:      minmay_roachtagon, layout_rooms, nicolae_ecumenical_pavilion,
          serial_undead, serial_undead_c, serial_undead_d, serial_undead_e,
          serial_undead_c, serial_undead_c, serial_undead_e,
          chequers_decorated_corner, minivault_14, minmay_lizard_king,
          uniq_natasha, uniq_terence, uniq_ijyb, uniq_sigmund
D:6:      layout_cave_pods, grunt_temple_overflow_lords_of_destruction,
          general_overflow_altar, gammafunk_temple_overflow_claw,
          minmay_temple_entry_statues_fountains, lightli_minifort

Notes
Turn   | Place    | Note
-------+----------+-------------------------------------------
     0 | D:1      | Jeffwins the Human Wanderer began the quest for the Orb.
     0 | D:1      | Jeffwins set off with the following items: a +0 club, a
                  | scroll of vulnerability {!r}, a +0 robe, a piece from Xom's
                  | chessboard (15/15); and the following spells available to
                  | memorise: Wereblood, Sting, Kiss of Death, Vampiric
                  | Draining, Ignite Poison.
     0 | D:1      | Reached XP level 1. HP: 15/15 MP: 2/2
     2 | D:1      | Learned a level 1 spell: Sting
     4 | D:1      | Learned a level 1 spell: Kiss of Death
   121 | D:1      | Reached XP level 2. HP: 21/21 MP: 3/3
   545 | D:2      | Got the Grimoire of Boreal Voltage
   646 | D:2      | Reached XP level 3. HP: 24/26 MP: 4/4
   652 | D:2      | Found a basalt altar of Yredelemnul.
  1366 | D:2      | Reached skill level 1 in Poison Magic
  1429 | D:2      | Reached skill level 1 in Conjurations
  1429 | D:2      | Reached XP level 4. HP: 31/32 MP: 0/6
  1587 | D:3      | Found a faded altar of an unknown god.
  1763 | D:3      | Reached skill level 2 in Evocations
  1780 | D:3      | Reached XP level 5. HP: 37/37 MP: 7/7
  1805 | D:3      | Learned a level 3 spell: Ignite Poison
  1944 | D:3      | You fall into a shaft and drop 3 floors!
  1945 | D:6      | Noticed an orc warrior
  1978 | D:6      | Mangled by an orc warrior

Vanquished Creatures
  A hound (D:3)
  4 adders
  A dart slug (D:1)
  2 orcs (D:6)
  3 endoplasms
  12 giant cockroaches
  5 goblins
  5 hobgoblins
  6 ball pythons
  6 bats
  2 frilled lizards (D:2)
  2 kobolds (D:2)
  4 rats (D:2)
53 creatures vanquished.

Table legend: (Time is in decaauts)
 A = Elapsed time spent in this place.
 B = Non-inter-level travel time spent in this place.
 C = Inter-level travel time spent in this place.
 D = Time resting spent in this place.
 E = Time spent auto-exploring this place.
 F = Levels seen in this place.
 G = Mean time per level.
                   A        B        C        D        E       F      G
               +--------+--------+--------+--------+--------+-----+--------+
         Total |   1978 |   1973 |      5 |      0 |   1584 |   4 |  494.5 |
       Dungeon |   1978 |   1973 |      5 |      0 |   1584 |   4 |  494.5 |
               +--------+--------+--------+--------+--------+-----+--------+

Top non-repeatable levels by time:
     D:2: 1125 daAuts
     D:1: 462 daAuts
     D:3: 356 daAuts
     D:6: 33 daAuts

Table legend:
 A = Non-vault XP
 B = Vault XP
 C = Vault XP percentage of total XP
 D = Non-vault monster count
 E = Vault monster count
 F = Vault count percentage of total count
                 A         B        C        D         E       F
            +---------+---------+-------+---------+---------+-------
      Total |     155 |      20 |  11.4 |      43 |      10 |  18.9
            +---------+---------+-------+---------+---------+-------
        D:1 |      20 |       0 |   0.0 |      12 |       0 |   0.0
        D:2 |      56 |       0 |   0.0 |      22 |       0 |   0.0
        D:3 |      73 |      20 |  21.5 |       7 |      10 |  58.8
        D:6 |       6 |       0 |   0.0 |       2 |       0 |   0.0
            +---------+---------+-------+---------+---------+-------
